 Dungeon Crawl Stone Soup version 0.20.0-4-g10b340a (webtiles) character file.

51 JerBear56 the Ducker (level 3, -2/39 HPs)
             Began as an Octopode Berserker on May 27, 2017.
             Was a Follower of Trog.
             Slain by a goblin (5 damage)
             ... led by Robin
             ... on level 2 of the Dungeon.
             The game lasted 00:08:29 (1419 turns).

JerBear56 the Ducker (Octopode Berserker)           Turns: 1419, Time: 00:08:29

Health: -2/39      AC:  1    Str: 22    XL:     3   Next: 81%
Magic:  3/3        EV: 16    Int:  9    God:    Trog [*.....]
Gold:   51         SH:  0    Dex: 11    Spells: 2/2 levels left

rFire    . . .     SeeInvis .   a - +0 mace
rCold    . . .     Gourm    .   (no shield)
rNeg     . . .     Faith    .   (helmet restricted)
rPois    .         Spirit   .   (no amulet)
rElec    .         Reflect  .   g - +2 ring of evasion
rCorr    .         Harm     .   (no ring)
MR       .....                  (no ring)
Stlth    ..........             (no ring)
Regen    0.2/turn               (no ring)
MPRegen  0.1/turn               (no ring)
                                (no ring)
                                (no ring)

@: berserking, very quick
A: almost no armour, stealthy swim, amphibious, 8 rings, constrict 8, camouflage
1, gelatinous body 1
a: Berserk, Burn Spellbooks, Renounce Religion


You were on level 2 of the Dungeon.
You worshipped Trog.
Trog was aware of your devotion.
You were hungry.

You visited 1 branch of the dungeon, and saw 2 of its levels.

You collected 51 gold pieces.

Inventory:

Hand Weapons
 a - a +0 mace (weapon)
Missiles
 c - 54 stones (quivered)
Jewellery
 g - a +2 ring of evasion (left tentacle)
Scrolls
 d - 2 scrolls of immolation
 f - a scroll of identify
 h - a scroll of teleportation {unknown}
 i - 2 scrolls of remove curse {unknown}
 j - a scroll of recharging {unknown}
Potions
 e - a potion of lignification {unknown}
 k - a potion of haste {unknown}
Comestibles
 b - a bread ration
 l - 6 chunks of flesh
 m - 2 fruits


   Skills:
 * Level 3.3 Fighting
 * Level 3.3 Maces & Flails
 * Level 3.5 Dodging
 + Level 2.4 Stealth


You had 2 spell levels left.
You didn't know any spells.

Dungeon Overview and Level Annotations

Branches:
Dungeon (2/15)

Altars:


Innate Abilities, Weirdness & Mutations

You cannot wear most types of armour.
You are very stealthy in the water. (Stealth+)
You are amphibious.
You can wear up to eight rings at the same time.
You can use your tentacles to constrict eight enemies at once.
Your skin changes colour to match your surroundings (Stealth+).
Your rubbery body absorbs attacks. (AC +1, EV +1)


Message History

You are too injured to fight recklessly!
You hit the hobgoblin.
The hobgoblin is heavily wounded.
You constrict the hobgoblin. The goblin barely misses you.
The goblin closely misses you. x2; The goblin misses you.
The hobgoblin misses you.
You sock the hobgoblin!
You feel the power of Trog in you as your rage grows.
You kill the hobgoblin!
Trog accepts your kill. The goblin misses you. x2
You bludgeon the goblin!!
You kill the goblin!
Trog accepts your kill. The goblin hits you with a club.
* * * LOW HITPOINT WARNING * * *
The goblin hits you with a club.
* * * LOW HITPOINT WARNING * * *
The goblin closely misses you. The goblin hits you.
You die...

######### #........
#.###.... ## #.###.##.
.. #..<..... #.
#####.###
..#..########## #.#
#.....g)g.....# #.#
###. #@g# #.# #.#
.....##)g####.# ##.##
........[....# #...#
###.##....#..# #.#.#
#..........# #...#
###..##.##.# ##..#
####...##.##.#####...##
+...............<......
####...##.#######....##


You could see 4 goblins.

Vanquished Creatures
  Robin (D:2)
  An ooze (D:1)
  A worm (D:2)
  A leopard gecko (D:2)
  6 bats
  A giant cockroach (D:1)
  5 goblins
  5 hobgoblins
  2 jackals (D:1)
  A ball python (D:1)
  3 kobolds (D:1)
  4 rats
31 creatures vanquished.

Notes
Turn   | Place    | Note
-------+----------+-------------------------------------------
     0 | D:1      | JerBear56 the Octopode Berserker began the quest for the Orb.
     0 | D:1      | Reached XP level 1. HP: 16/16 MP: 1/1
    63 | D:1      | Reached skill level 1 in Stealth
    63 | D:1      | Reached XP level 2. HP: 5/21 MP: 2/2
  1253 | D:2      | Reached XP level 3. HP: 24/26 MP: 3/3
  1404 | D:2      | Noticed Robin
  1415 | D:2      | Killed Robin
  1419 | D:2      | Slain by a goblin

Skill      XL: |  1  2 |
---------------+-------+-----
Stealth        | 1 2 |  2.4
Fighting       | |  3.3
Maces & Flails | |  3.3
Dodging        | |  3.5

Action                   || total
-------------------------++-------
Melee: Mace              ||    70
       Tentacles         ||     9
       Constrict         ||    18
Throw: Stone             ||    29
Invok: Berserk           ||     1
  Use: Scroll            ||     1
 Stab: Sleeping          ||     5
  Eat: Chunk             ||     2
Armor: Skin              ||     4
Dodge: Dodged            ||    70
